 Dungeon Crawl Stone Soup version 0.28-a0-1624-g820543e53a (webtiles) character file.

Game seed: 5701753056479668087

109127 soggyman666 the Fighter (level 16, -4/129 HPs)
             Began as a Gnoll Fighter on Jan 24, 2022.
             Was a Follower of Uskayaw.
             Killed by divine providence
             ... invoked by Saint Roka
              (10 damage)
             ... on level 2 of the Orcish Mines.
             The game lasted 03:05:49 (33450 turns).

soggyman666 the Fighter (Gnoll Fighter)            Turns: 33450, Time: 03:05:50

Health: -4/129     AC: 32    Str: 28    XL:     16   Next: 51%
Magic:  26/31      EV: 14    Int: 12    God:    Uskayaw [*.....]
Gold:   365        SH: 23    Dex: 22    Spells: 21/37 levels left

rFire   + . .      SeeInvis .   m - +8 war axe "Demonbane" {spect, rElec Will+ Str+4 Dex+4}
rCold   + . .      Faith    .   y - +4 kite shield {AC+3}
rNeg    . . .      Spirit   .   z - +10 plate armour of Amelioration {Fly}
rPois   .          Reflect  +   (no helmet)
rElec   +          Harm     .   M - scarf {rC+ rF+}
rCorr   .          Rampage  .   u - +0 pair of gloves of the True Pharaoh {Str+4 Int-5}
Will    ++...                   Q - +1 pair of boots of Wetunuh {Stlth+}
Stlth   ++........              S - amulet of reflection
HPRegen 0.31/turn               l - +6 ring of intelligence
MPRegen 0.22/turn               h - +6 ring of dexterity

@: flying, studying 3 skills
A: fangs 1, strong nose, distributed training
a: Renounce Religion, Stomp


You were on level 2 of the Orcish Mines.
You worshipped Uskayaw.
Uskayaw was aware of your devotion.
You visited 7 branches of the dungeon, and saw 27 of its levels.
You also visited: Gauntlet, Ice Cave and Volcano.

You collected 2605 gold pieces.
You spent 2240 gold pieces at shops.

Inventory:

Hand Weapons
 m - the +8 war axe "Demonbane" (weapon) {spect, rElec Will+ Str+4 Dex+4}
   (You acquired it on level 7 of the Dungeon)

   When its wielder attacks, the weapon's spirit leaps out and strikes again.
   The spirit shares a part of any damage it takes with its wielder.
   Str:       It affects your strength (+4).
   Dex:       It affects your dexterity (+4).
   rElec:     It insulates you from electricity.
   Will:      It increases your willpower.
 v - a +4 vorpal hand crossbow
 C - the +6 long sword of Cocruc {flame, rF+ rC+ rN+}
   (You found it on level 7 of the Dungeon)

   It burns those it strikes, dealing additional fire damage.
   Big, fiery blades are also staple armaments of hydra-hunters.
   rF:        It protects you from fire.
   rC:        It protects you from cold.
   rN:        It protects you from negative energy.
 H - a +4 dagger of venom
 T - a +3 longbow of flaming
Missiles
 f - 727 stones
 g - 11 poisoned darts
 x - 316 arrows
 E - 5 silver boomerangs
 J - 95 bolts
Armour
 q - a +4 plate armour of fire resistance
 u - the +0 pair of gloves of the True Pharaoh (worn) {Str+4 Int-5}
   (You found it on level 4 of the Dungeon)

   Str:       It affects your strength (+4).
   Int:       It affects your intelligence (-5).
 y - a +4 kite shield of protection (worn)
 z - the +10 plate armour of Amelioration (worn) {Fly}
   (You found it on level 2 of the Lair of Beasts)

   Fly:       It grants you flight.
 M - a scarf of resistance (worn)
 O - +0 gold dragon scales
 Q - the +1 pair of boots of Wetunuh (worn) {Stlth+}
   (You acquired it on level 12 of the Dungeon)

   Stlth:     It makes you more stealthy.
Jewellery
 h - a +6 ring of dexterity (right hand)
 j - a ring of see invisible
 l - a +6 ring of intelligence (left hand)
 p - an amulet of guardian spirit
 R - a ring of magical power
 S - an amulet of reflection (around neck)
 V - a ring of willpower
 Z - a ring of willpower
Wands
 a - a wand of charming (12)
 k - a wand of digging (3)
 o - a wand of iceblast (20)
 s - a wand of acid (2)
 D - a wand of flame (24)
 I - a wand of polymorph (12)
 N - a wand of mindburst (30)
 U - a wand of paralysis (6)
Scrolls
 c - 3 scrolls of holy word
 t - 2 scrolls of teleportation
 F - 3 scrolls of identify
 G - 2 scrolls of fear
 L - 3 scrolls of magic mapping
 W - a scroll of amnesia
 X - a scroll of fog
Potions
 b - 4 potions of flight
 d - 5 potions of might
 e - 9 potions of curing
 i - 4 potions of invisibility
 r - 9 potions of heal wounds
 w - 4 potions of brilliance
 A - 4 potions of haste
 B - a potion of cancellation
 K - 3 potions of ambrosia
Miscellaneous
 n - a condenser vane
 P - a phantom mirror


   Skills:
 + Level 12.7 Fighting
 + Level 11.0 Short Blades
 + Level 11.0 Long Blades
 + Level 11.8 Axes
 + Level 11.0 Maces & Flails
 + Level 11.6 Polearms
 + Level 11.0 Staves
 + Level 11.0 Slings
 + Level 11.0 Bows
 + Level 11.0 Crossbows
 + Level 11.0 Throwing
 + Level 12.7 Armour
 + Level 11.1 Dodging
 + Level 11.0 Stealth
 + Level 12.7 Shields
 + Level 11.0 Unarmed Combat
 + Level 11.0 Spellcasting
 + Level 9.2 Conjurations
 + Level 9.2 Hexes
 + Level 9.2 Summonings
 + Level 9.2 Necromancy
 + Level 9.2 Translocations
 + Level 9.2 Transmutations
 + Level 9.2 Fire Magic
 + Level 9.2 Ice Magic
 + Level 9.2 Air Magic
 + Level 9.2 Earth Magic
 + Level 9.2 Poison Magic
 + Level 11.9 Invocations
 + Level 11.0 Evocations


You had 21 spell levels left.
You knew the following spells:

 Your Spells              Type           Power      Damage    Failure   Level
a - Passwall              Tmut/Erth      23%        N/A       4%          2
b - Beastly Appendage     Tmut           56%        N/A       3%          1
c - Sandblast             Erth           56%        2d13      3%          1
d - Wereblood             Tmut           28%        N/A       4%          2
e - Tukima's Dance        Hex            28%        N/A       10%         3
f - Conjure Flame         Conj/Fire      28%        6-21      10%         3
g - Summon Lightning Spi  Summ/Air       28%        N/A       32%         4

Your spell library contained the following spells:

 Spells                   Type           Power      Damage    Failure   Level
 Corpse Rot               Necr/Air       56%        N/A       4%          2
 Gell's Gravitas          Tloc           28%        N/A       10%         3
 Ignite Poison            Fire/Tmut/Pois 28%        N/A       10%         3
 Lesser Beckoning         Tloc           28%        N/A       10%         3
 Ozocubu's Armour         Ice            28%        N/A       10%         3
 Spider Form              Tmut/Pois      28%        N/A       10%         3
 Stone Arrow              Conj/Erth      56%        3d10      10%         3
 Teleport Other           Tloc           28%        N/A       10%         3
 Airstrike                Air            14%        N/A       32%         4
 Anguish                  Hex/Necr       14%        N/A       32%         4
 Dispel Undead            Necr           28%        3d13      32%         4
 Fulminant Prism          Conj/Hex       14%        3d9       32%         4
 Iskenderun's Mystic Bla  Conj/Tloc      28%        2d7       32%         4
 Sticky Flame             Conj/Fire      28%        2d5       32%         4
 Summon Ice Beast         Ice/Summ       28%        N/A       32%         4
 Iskenderun's Battlesphe  Conj           28%        2d8       65%         5
 Lee's Rapid Deconstruct  Erth           14%        3d10*     65%         5
 Lightning Bolt           Conj/Air       14%        1d27      65%         5
 Summon Mana Viper        Hex/Summ       28%        N/A       65%         5
 Death Channel            Necr           14%        N/A       99%         6
 Iron Shot                Conj/Erth      14%        9d4       99%         6
 Enfeeble                 Hex            14%        N/A       100%        7
 Monstrous Menagerie      Summ           14%        N/A       100%        7
 Ozocubu's Refrigeration  Ice            14%        4d7       100%        7
 Spellforged Servitor     Conj/Summ      14%        N/A       100%        7


Dungeon Overview and Level Annotations

Branches:
Dungeon (15/15)            Temple (0/1) D:6            Lair (6/6) D:11
 Shoals (1/4) Lair:2        Snake (1/4) Lair:4        Slime (1/5) Lair:6
    Orc (2/2) D:11            Elf (0/3) Orc:2        Vaults (0/5) D:14
 Depths (1/4) D:15          IceCv (visited)         Volcano (visited)
Gauntlet (visited)

Altars:
Ashenzari
Elyvilon
Fedhas
Kikubaaqudgha
Makhleb
Nemelex Xobeh
Qazlal
Ru
Uskayaw
Vehumet
Xom
The Shining One
Beogh
Jiyva

Shops:
D:7 (   D:15 :   Orc:2 :?

Portals:
Ziggurat: Depths:1

Annotations:
Orc:2 bookstore, Saint Roka


Innate Abilities, Weirdness & Mutations

You have very sharp teeth.
Your uncanny sense of smell can sniff out nearby items.
Your experience applies equally to all skills.


Message History

You slice Saint Roka!! You bite Saint Roka, but do no damage.
Saint Roka is moderately wounded.
Your +8 war axe "Demonbane" {spect, rElec Will+ Str+4 Dex+4} barely misses Saint Roka.
Saint Roka hits you with a +3 war axe!!
Saint Roka misses your +8 war axe "Demonbane" {spect, rElec Will+ Str+4 Dex+4}.
You can now pass through a line of other dancers.
You hit Saint Roka but do no damage.
Saint Roka is moderately wounded.
Your +8 war axe "Demonbane" {spect, rElec Will+ Str+4 Dex+4} hits Saint Roka.
Saint Roka mumbles some strange prayers to Beogh against you.
Beogh smites you!
* * * LOW HITPOINT WARNING * * *
Unknown command.
Okay, then.
Aiming: Line Pass
Press: ? - help, Dir - move target Saint Roka appears confused.
You can no longer pass through a line of other dancers.
Saint Roka seems less confused.
Saint Roka mumbles some strange prayers to Beogh against you.
Beogh smites you!
* * * LOW HITPOINT WARNING * * *
Saint Roka mumbles some strange prayers to Beogh against you.
Beogh smites you!
* * * LOW HITPOINT WARNING * * *
Saint Roka invokes the aid of Beogh against you.
Beogh smites you!
* * * LOW HITPOINT WARNING * * *
Okay, then.
You feel much better.
Saint Roka mumbles some strange prayers to Beogh against you.
Beogh smites you!
* * * LOW HITPOINT WARNING * * *
Saint Roka invokes the aid of Beogh against you.
Beogh smites you!
* * * LOW HITPOINT WARNING * * *
There is a stone staircase leading up here.
Saint Roka calls down the wrath of Beogh upon you.
Beogh smites you!
You die...

##..#..........###.#...#$..$.
###.....#.......#.o.#.#......
##.....##[..........#.........
#....#####.#.......###..)o....
###..#.#.#.)[[......##...).....
##....................##..))....
#.....................###.).....
##...#.................##.......
#.............[@..........).....
##.#....#.....)..)......))......
##...........#)[..)...).)......
###........).)....).)..........
##..........<))...>..).......#..
#....#.^....................#.##
##.##.##....................§##
###.............#....#....≈≈#
##.............[.....#...≈≈≈#


You could see Saint Roka.

Vanquished Creatures
  Rupert (D:15)
  Kirke (D:13)
  A frost giant (Depths:1)
  A reaper (IceCv)
  A stone giant (D:15)
  4 dire elephants (Lair:6)
  2 fire dragons
  2 great orbs of eyes (Slime:1)
  6 hydras
  2 vault guards (D:14)
  A death knight (D:12)
  2 ice dragons
  A boulder beetle (D:15)
  A catoblepas (Lair:3)
  3 centaur warriors
  2 ogre magi (Orc:2)
  7 two-headed ogres
  2 tengu warriors
  A death scarab (Depths:1)
  A death yak (Lair:6)
  Sonja (D:11)
  A hell knight (Volcano)
  A sun demon (Volcano)
  Nergalle (D:12)
  An orc high priest (Orc:2)
  5 skeletal warriors (D:15)
  A spectral anaconda (Lair:6)
  An obsidian statue (Lair:6)
  A wizard (D:14)
  2 orc knights
  6 necromancers
  8 orc sorcerers
  2 deep elf pyromancers
  2 oklob plants (Lair:3)
  6 manticores
  8 elephants
  5 cyclopes
  10 ugly things
  A dire elephant zombie (Lair:6)
  11 black mambas
  Maurice (D:11)
  2 ice statues (IceCv)
  A dire elephant skeleton (Lair:6)
  3 merfolk sirens (Lair:2)
  16 cane toads
  An eye of devastation (Slime:1)
  7 komodo dragons
  3 rime drakes
  2 freezing wraiths
  5 tengu conjurers
  3 entropy weaver simulacra (IceCv)
  6 ice devils (IceCv)
  3 yaktaurs (D:14)
  5 anaconda simulacra (IceCv)
  3 red devils (Volcano)
  4 trolls
  A polar bear (shapeshifter) (D:13)
  A meliai (shapeshifter) (D:15)
  A merfolk (Lair:2)
  2 wolf spider simulacra (D:15)
  2 meliai (D:10)
  A polar bear (Lair:6)
  A hornet (D:10)
  A blink frog (shapeshifter) (D:14)
  2 nameless horrors
  5 dream sheep (Lair:6)
  A spectral elephant (Lair:6)
  A raiju (shapeshifter) (D:15)
  26 slime creatures
  A centaur simulacrum (D:14)
  3 shadows (D:10)
  A dire elephant simulacrum (IceCv)
  43 yaks
  6 hogs (D:13)
  19 humans (D:14)
  9 basilisks
  5 wyverns
  8 vampire mosquitoes
  Grum (D:10)
  5 steam dragons
  A death yak simulacrum (Lair:6)
  A spectral cane toad (Lair:6)
  7 wargs
  2 acid dragons (D:10)
  2 nagas (Lair:4)
  A harpy simulacrum (IceCv)
  2 hell hounds (Lair:4)
  Duvessa (D:7)
  11 water moccasins
  A floating eye (Slime:1)
  22 orc warriors
  2 ice beasts (D:6)
  2 sky beasts (D:7)
  A necrophage (D:6)
  8 ogres
  10 wolves
  A centaur (D:9)
  An elephant skeleton (Lair:6)
  2 phantoms
  A kobold brigand (D:9)
  12 bullfrogs
  3 scorpions
  3 cane toad simulacra
  A two-headed ogre simulacrum (IceCv)
  Dowan (D:7)
  2 elephant simulacra
  A killer bee (D:10)
  7 wights
  4 howler monkeys
  A bullfrog zombie (D:5)
  2 electric eels (D:11)
  3 centaur zombies
  6 hounds
  A jelly (D:8)
  2 centaur skeletons
  17 orc priests
  A gnoll shaman (Orc:1)
  6 iguanas
  Jessica (D:3)
  3 bullfrog skeletons
  28 orc wizards
  A troll simulacrum (IceCv)
  A hound skeleton (D:4)
  A howler monkey zombie (D:8)
  Robin (D:2)
  7 gnolls
  6 adders
  3 shadow imps
  2 white imps
  2 worms
  3 dart slugs
  62 orcs
  4 bats
  6 endoplasms
  15 giant cockroaches
  11 goblins
  5 hobgoblins
  10 jackals
  4 kobolds
  6 quokkas
  4 ball pythons
  3 frilled lizards (D:2)
  2 rats
670 creatures vanquished.

Vanquished Creatures (collateral kills)
  A death knight (D:10)
  A human (D:14)
2 creatures vanquished.

Vanquished Creatures (others)
  A sky beast (D:7)
  An orc wizard (Orc:2)
  27 fungi
  49 plants
  32 withered plants (Lair:6)
110 creatures vanquished.

Grand Total: 782 creatures vanquished

Notes
Turn   | Place    | Note
-------+----------+-------------------------------------------
     0 | D:1      | soggyman666 the Gnoll Fighter began the quest for the Orb.
     0 | D:1      | Reached XP level 1. HP: 23/23 MP: 1/1
   870 | D:2      | Reached XP level 2. HP: 29/29 MP: 2/2
  1052 | D:2      | Reached XP level 3. HP: 30/35 MP: 3/3
  1189 | D:2      | Reached skill level 1 in Invocations
  1459 | D:2      | Reached skill level 1 in Short Blades
  1459 | D:2      | Reached skill level 1 in Long Blades
  1459 | D:2      | Reached skill level 1 in Maces & Flails
  1459 | D:2      | Reached skill level 1 in Polearms
  1459 | D:2      | Reached skill level 1 in Staves
  1459 | D:2      | Reached skill level 1 in Slings
  1459 | D:2      | Reached skill level 1 in Bows
  1459 | D:2      | Reached skill level 1 in Crossbows
  1459 | D:2      | Reached skill level 1 in Throwing
  1459 | D:2      | Reached skill level 1 in Dodging
  1459 | D:2      | Reached skill level 1 in Stealth
  1459 | D:2      | Reached skill level 1 in Unarmed Combat
  1459 | D:2      | Reached skill level 1 in Spellcasting
  1459 | D:2      | Reached skill level 1 in Evocations
  1471 | D:2      | Reached XP level 4. HP: 37/41 MP: 5/5
  1605 | D:2      | Found a faded altar of an unknown god.
  1750 | D:2      | Noticed Robin
  1756 | D:2      | Killed Robin
  1911 | D:3      | Reached skill level 1 in Conjurations
  1911 | D:3      | Reached skill level 1 in Hexes
  1911 | D:3      | Reached skill level 1 in Summonings
  1911 | D:3      | Reached skill level 1 in Necromancy
  1911 | D:3      | Reached skill level 1 in Translocations
  1911 | D:3      | Reached skill level 1 in Transmutations
  1911 | D:3      | Reached skill level 1 in Fire Magic
  1911 | D:3      | Reached skill level 1 in Ice Magic
  1911 | D:3      | Reached skill level 1 in Air Magic
  1911 | D:3      | Reached skill level 1 in Earth Magic
  1911 | D:3      | Reached skill level 1 in Poison Magic
  2111 | D:3      | Noticed Jessica
  2122 | D:3      | Killed Jessica
  2123 | D:3      | Reached XP level 5. HP: 41/47 MP: 5/7
  2212 | D:3      | Found a burning altar of Makhleb.
  2542 | D:3      | Found a faded altar of an unknown god.
  2605 | D:3      | Found a hide-covered altar of Uskayaw.
  2771 | D:3      | Found a broken altar of Ashenzari.
  3032 | D:4      | Noticed an orc warrior
  3325 | D:4      | Reached XP level 6. HP: 53/53 MP: 8/8
  3346 | D:4      | Identified the +0 pair of gloves of the True Pharaoh {Str+4
                  | Int-5}
  3422 | D:4      | Found a white marble altar of Elyvilon.
  3626 | D:3      | Became a worshipper of Uskayaw the Reveller
  3680 | D:3      | Reached * piety under Uskayaw
  3683 | D:3      | Reached skill level 5 in Axes
  3922 | D:3      | Reached ** piety under Uskayaw
  4290 | D:4      | Killed an orc warrior
  4290 | D:4      | Reached *** piety under Uskayaw
  4291 | D:4      | Reached XP level 7. HP: 19/59 MP: 5/10
  4291 | D:4      | Reached **** piety under Uskayaw
  4673 | D:5      | Entered Level 5 of the Dungeon
  4899 | D:5      | Found a shimmering altar of Xom.
  6041 | D:6      | Reached XP level 8. HP: 58/67 MP: 10/12
  6080 | D:6      | Found a staircase to the Ecumenical Temple.
  6421 | D:6      | Found a sparkling altar of Nemelex Xobeh.
  6679 | D:6      | Found a blossoming altar of Fedhas.
  6897 | D:7      | Noticed Duvessa
  6897 | D:7      | Noticed Dowan
  6897 | D:7      | Found Cani Dio's Weapon Shoppe.
  7023 | D:7      | Identified the +6 long sword of Cocruc {flame, rF+ rC+ rN+}
  7026 | D:7      | Identified 2 scrolls of acquirement
  7027 | D:7      | Acquired a +2 kite shield of protection
  7182 | D:7      | Killed Duvessa
  7188 | D:7      | Reached XP level 9. HP: 68/72 MP: 14/14
  7189 | D:7      | Killed Dowan
  7190 | D:7      | Acquired the +8 war axe "Demonbane" {spect, rElec Will+
                  | Str+4 Dex+4}
  7592 | D:7      | Found a sacrificial altar of Ru.
  8144 | D:8      | Reached skill level 5 in Invocations
  8834 | D:8      | Identified the +4 scale mail of the Villain {Dex+3}
  8970 | D:9      | Reached XP level 10. HP: 78/80 MP: 15/17
  9146 | D:9      | Reached skill level 5 in Short Blades
  9146 | D:9      | Reached skill level 5 in Long Blades
  9146 | D:9      | Reached skill level 5 in Maces & Flails
  9146 | D:9      | Reached skill level 5 in Polearms
  9146 | D:9      | Reached skill level 5 in Staves
  9146 | D:9      | Reached skill level 5 in Slings
  9146 | D:9      | Reached skill level 5 in Bows
  9146 | D:9      | Reached skill level 5 in Crossbows
  9146 | D:9      | Reached skill level 5 in Throwing
  9146 | D:9      | Reached skill level 5 in Dodging
  9146 | D:9      | Reached skill level 5 in Stealth
  9146 | D:9      | Reached skill level 5 in Unarmed Combat
  9146 | D:9      | Reached skill level 5 in Spellcasting
  9146 | D:9      | Reached skill level 5 in Evocations
  9463 | D:10     | Entered Level 10 of the Dungeon
  9535 | D:10     | Noticed a manticore
  9539 | D:10     | Noticed a cyclops
  9561 | D:10     | Killed a manticore
  9755 | D:10     | Killed a cyclops
  9873 | D:10     | Noticed Grum
  9881 | D:10     | Killed Grum
  9935 | D:10     | Identified the +1 leather armour "Magaho" {Regen+ Str-2
                  | Dex+3}
 10027 | D:10     | Found a glowing golden altar of the Shining One.
 10069 | D:10     | Noticed a two-headed ogre
 10076 | D:10     | Killed a two-headed ogre
 10077 | D:10     | Reached XP level 11. HP: 71/87 MP: 16/19
 10151 | D:10     | Identified the -6 pair of gloves of Syndicalism {Fly Str-4
                  | Int+3 Slay+5}
 10174 | D:10     | Found a stormy altar of Qazlal.
 10253 | D:10     | Noticed a two-headed ogre
 10306 | D:10     | Learned a level 2 spell: Passwall
 10335 | D:10     | Reached skill level 5 in Conjurations
 10335 | D:10     | Reached skill level 5 in Hexes
 10335 | D:10     | Reached skill level 5 in Summonings
 10335 | D:10     | Reached skill level 5 in Necromancy
 10335 | D:10     | Reached skill level 5 in Translocations
 10335 | D:10     | Reached skill level 5 in Transmutations
 10335 | D:10     | Reached skill level 5 in Fire Magic
 10335 | D:10     | Reached skill level 5 in Ice Magic
 10335 | D:10     | Reached skill level 5 in Air Magic
 10335 | D:10     | Reached skill level 5 in Earth Magic
 10335 | D:10     | Reached skill level 5 in Poison Magic
 10353 | D:10     | Killed a two-headed ogre
 10413 | D:10     | Noticed a manticore
 10419 | D:10     | Killed a manticore
 10479 | D:10     | Noticed a six-headed hydra
 10479 | D:10     | Noticed a tengu warrior
 10502 | D:10     | Killed a one-headed hydra
 10762 | D:10     | Killed a tengu warrior
 11159 | D:10     | Noticed a seven-headed hydra
 11159 | D:10     | Noticed a death knight
 11184 | D:10     | Noticed a two-headed ogre
 11231 | D:10     | Killed a two-headed ogre
 11439 | D:11     | Found a gate leading to a gauntlet.
 11443 | D:11     | Noticed Sonja
 11449 | D:11     | Killed Sonja
 11454 | D:11     | Noticed a manticore
 11462 | D:11     | Killed a manticore
 11543 | D:11     | Found a staircase to the Orcish Mines.
 11547 | D:11     | Noticed a two-headed ogre
 11554 | D:11     | Killed a two-headed ogre
 11600 | D:11     | Noticed a two-headed ogre
 11602 | D:11     | Noticed Maurice
 11606 | D:11     | Killed a two-headed ogre
 11607 | D:11     | Reached XP level 12. HP: 73/96 MP: 16/22
 11610 | D:11     | Killed Maurice
 11645 | Gauntlet | Entered a Gauntlet
 11645 | Gauntlet | Found a transporter.
 11645 | Gauntlet | Found a transporter.
 11667 | Gauntlet | Found a transporter.
 11669 | Gauntlet | Found a transporter.
 11670 | Gauntlet | Noticed a balrug
 11679 | Gauntlet | Found a transporter.
 11699 | Gauntlet | Found a transporter.
 11705 | Gauntlet | Found a transporter.
 11713 | Gauntlet | Found a transporter.
 11731 | Gauntlet | Found a transporter.
 11739 | Gauntlet | Found a transporter.
 11756 | Gauntlet | Found a transporter.
 11785 | Gauntlet | Found a transporter.
 12367 | D:11     | Learned a level 1 spell: Beastly Appendage
 12534 | D:11     | Found a staircase to the Lair.
 12802 | D:12     | Noticed a death knight
 12818 | D:12     | Killed a death knight
 13045 | D:12     | Noticed a two-headed ogre
 13063 | D:12     | Killed a two-headed ogre
 13159 | D:12     | Noticed a two-headed ogre
 13174 | D:12     | Killed a two-headed ogre
 13181 | D:12     | Learned a level 1 spell: Sandblast
 13488 | D:12     | Noticed Nergalle
 13493 | D:12     | Learned a level 2 spell: Wereblood
 13497 | D:12     | Learned a level 3 spell: Tukima's Dance
 13541 | D:12     | Killed Nergalle
 13542 | D:12     | Reached skill level 10 in Fighting
 13542 | D:12     | Reached skill level 10 in Armour
 13542 | D:12     | Reached skill level 10 in Shields
 13685 | D:12     | Found a radiant altar of Vehumet.
 13908 | D:12     | Acquired the +1 pair of boots of Wetunuh {Stlth+}
 14533 | D:13     | Noticed a centaur warrior
 14623 | D:13     | Killed a centaur warrior
 14679 | D:13     | Noticed Kirke
 14688 | D:13     | Killed Kirke
 14689 | D:13     | Reached XP level 13. HP: 103/103 MP: 18/24
 14798 | D:13     | Found a broken altar of Ashenzari.
 15381 | D:13     | Learned a level 3 spell: Conjure Flame
 15455 | D:13     | Noticed a fire dragon
 15469 | D:13     | Killed a fire dragon
 16086 | Lair:1   | Entered Level 1 of the Lair of Beasts
 17452 | Lair:2   | Reached ***** piety under Uskayaw
 17592 | Lair:2   | Found a staircase to the Shoals.
 17961 | Lair:2   | Identified the +10 plate armour of Amelioration {Fly}
 18004 | Shoals:1 | Entered Level 1 of the Shoals
 18006 | Shoals:1 | Noticed a merfolk impaler
 18125 | Orc:1    | Entered Level 1 of the Orcish Mines
 18242 | Orc:1    | Reached skill level 10 in Axes
 18242 | Orc:1    | Reached XP level 14. HP: 102/113 MP: 26/26
 18290 | Orc:1    | Learned a level 4 spell: Summon Lightning Spire
 18721 | Orc:2    | Entered Level 2 of the Orcish Mines
 18721 | Orc:2    | Found a staircase to the Elven Halls.
 18946 | Orc:2    | Found Vecsaor's Book Shop.
 18949 | Orc:2    | Paralysed by an orc sorcerer for 3 turns
 19124 | Orc:2    | Found a radiant altar of Vehumet.
 19192 | Orc:2    | Found an ancient bone altar of Kikubaaqudgha.
 19414 | Orc:2    | Found Ciff's Magic Scroll Boutique.
 19444 | Orc:2    | Paralysed by something for 7 turns
 19461 | Orc:2    | Noticed Saint Roka
 20276 | Lair:3   | Reached skill level 10 in Invocations
 20634 | Lair:3   | Found a frozen archway.
 20672 | IceCv    | Entered an ice cave
 22000 | IceCv    | Noticed a reaper
 22007 | IceCv    | Killed a reaper
 23321 | Lair:4   | Found a staircase to the Snake Pit.
 23334 | Lair:4   | Reached ****** piety under Uskayaw
 23350 | Lair:4   | Found a dark tunnel.
 23356 | Volcano  | Entered a volcano
 23890 | Lair:4   | Reached XP level 15. HP: 120/120 MP: 28/28
 24547 | Snake:1  | Entered Level 1 of the Snake Pit
 25379 | Lair:6   | Entered Level 6 of the Lair of Beasts
 25713 | Lair:6   | Found a viscous altar of Jiyva.
 25792 | Lair:6   | Found a staircase to the Slime Pits.
 25813 | Slime:1  | Entered Level 1 of the Pits of Slime
 25827 | Lair:6   | Reached skill level 10 in Short Blades
 25827 | Lair:6   | Reached skill level 10 in Long Blades
 25827 | Lair:6   | Reached skill level 10 in Maces & Flails
 25827 | Lair:6   | Reached skill level 10 in Polearms
 25827 | Lair:6   | Reached skill level 10 in Staves
 25827 | Lair:6   | Reached skill level 10 in Slings
 25827 | Lair:6   | Reached skill level 10 in Bows
 25827 | Lair:6   | Reached skill level 10 in Crossbows
 25827 | Lair:6   | Reached skill level 10 in Throwing
 25827 | Lair:6   | Reached skill level 10 in Dodging
 25827 | Lair:6   | Reached skill level 10 in Stealth
 25827 | Lair:6   | Reached skill level 10 in Unarmed Combat
 25827 | Lair:6   | Reached skill level 10 in Spellcasting
 25827 | Lair:6   | Reached skill level 10 in Evocations
 26832 | Slime:1  | Paralysed by a great orb of eyes for 6 turns
 27031 | Slime:1  | Paralysed by a floating eye for 2 turns
 27037 | Slime:1  | Paralysed by a floating eye for 3 turns
 31266 | D:15     | Entered Level 15 of the Dungeon
 31271 | D:15     | Reached XP level 16. HP: 128/128 MP: 30/30
 31764 | D:14     | Found a gate to the Vaults.
 32111 | D:15     | Found a staircase to the Depths.
 32217 | D:15     | Noticed Rupert
 32223 | D:15     | Paralysed by Rupert for 4 turns
 32235 | D:15     | Killed Rupert
 32483 | D:15     | Found Goymoecs's Self-Improvement Boutique.
 32491 | D:15     | Bought a manual of Fighting for 1120 gold pieces
 32491 | D:15     | Bought a manual of Dodging for 1120 gold pieces
 32628 | Depths:1 | Entered Level 1 of the Depths
 32649 | Depths:1 | Found a one-way gateway to a ziggurat.
 33449 | Orc:2    | HP: 5/129 [Saint Roka/divine providence (13)]
 33450 | Orc:2    | Killed from afar by Saint Roka

Illustrated notes

Levels and vault maps discovered:
D:1:      tarquinn_simple_flora_water_d, layout_basic
D:2:      minmay_roachtagon, layout_loops_cross,
          dreamdust_ecumenical_altar_hidden_monk_grotto, minmay_misc_feat_doors,
          bh_walls_and_bars, uniq_robin
D:3:      wad_lake_hut, layout_basic, nicolae_overflow_ecumenical_swirl,
          mainiacjoe_overflow_paths, lemuel_tele_altar, hangedman_decor_points,
          minmay_circle_x, uniq_jessica
D:4:      layout_rooms, mainiacjoe_overflow_surrounded_room
D:5:      layout_basic, mainiacjoe_overflow_cross_hatched
D:6:      layout_basic, fedhas_altar_fruit_tree,
          mainiacjoe_overflow_six_doors_small, minmay_temple_entry_steel_oval,
          serial_corexii_hall, chequers_hall_statues_wall_a,
          chequers_hall_statues_y, grunt_decor_clamped,
          nicolae_underground_beach
D:7:      layout_cave_pods, hangedman_ru_absence, serial_shops,
          nicolae_stop_n_shop_1, serial_rivers, chequers_serial_rivers_micro_a,
          chequers_serial_rivers_micro_e, chequers_serial_rivers_micro_b,
          chequers_serial_rivers_micro_a, chequers_serial_rivers_micro_c,
          chequers_serial_rivers_room_a, hangedman_misty_isle, uniq_duvessa
D:8:      layout_basic
D:9:      layout_roguey
D:10:     minmay_bloctagon_deflated, layout_gridville, tso_metal_star,
          nicolae_qazlal_scattered_showers, minmay_shattered_shrine, uniq_grum
D:11:     layout_long_grid, erik_lair_island, orc_0_dummy,
          gauntlet_entry_generic, uniq_maurice, uniq_sonja
D:12:     layout_grid_maze, nicolae_vehumet_radiance, uniq_nergalle
D:13:     layout_roguey, evilmike_ruin_ashenzari, uniq_kirke
D:14:     layout_grid_maze, grunt_vaults_entry_tiered, fountainhead,
          roderic_lattice_a
D:15:     grunt_enter_depths_giant_problem, layout_cave_pools,
          serial_bayou_pond_b, st_stairs_3, nicolae_shop_self_help, uniq_rupert
Lair:1:   layout_long_grid
Lair:2:   layout_big_grid, elwin_shoals_entry_stream, lemuel_fruit_fields
Lair:3:   dpeg_oklob_shooting_range, layout_regular_city, portal_ice_cave_rime
Lair:4:   layout_cellular_growth, guppyfry_snake_entry_garden, enter_volcano_3,
          infiniplex_staircase_pool_2, lemuel_fruit_tree
Lair:5:   layout_cave_shapes
Lair:6:   due_jungle_book, layout_regular_city, slime_altar_1,
          nicolae_lair_grove_arrangements, grunt_megastairs_2
Shoals:1: layout_shoals, uniq_louise
Snake:1:  kennysheep_snake, layout_misc_corridors, serial_shops, shop,
          lemuel_oklob_altar
Slime:1:  layout_caves
Orc:1:    layout_caves, basic_altar
Orc:2:    kennysheep_orc_mage_school, layout_caves, uniq_saint_roka
Depths:1: minmay_box_of_statues, layout_cave_shapes, enter_ziggurat_e,
          hangedman_geh_valley, kennysheep_cross_room, hex_large,
          hellmonk_scarab_ruin

Skill      XL: |  1  2  3  4  5  6  7  8  9 10 11 12 13 14 15 16 |
---------------+-------------------------------------------------+-----
Invocations    | 1 2 3 4 5 6 7 8 9 10 11 | 11.9
Short Blades   | 1 2 3 4 5 6 7 8 9 10 11 | 11.0
Long Blades    | 1 2 3 4 5 6 7 8 9 10 11 | 11.0
Maces & Flails | 1 2 3 4 5 6 7 8 9 10 11 | 11.0
Polearms       | 1 2 3 4 5 6 7 8 9 10 11 | 11.6
Staves         | 1 2 3 4 5 6 7 8 9 10 11 | 11.0
Slings         | 1 2 3 4 5 6 7 8 9 10 11 | 11.0
Bows           | 1 2 3 4 5 6 7 8 9 10 11 | 11.0
Crossbows      | 1 2 3 4 5 6 7 8 9 10 11 | 11.0
Throwing       | 1 2 3 4 5 6 7 8 9 10 11 | 11.0
Dodging        | 1 2 3 4 5 6 7 8 9 10 11 | 11.1
Stealth        | 1 2 3 4 5 6 7 8 9 10 11 | 11.0
Unarmed Combat | 1 2 3 4 5 6 7 8 9 10 11 | 11.0
Spellcasting   | 1 2 3 4 5 6 7 8 9 10 11 | 11.0
Evocations     | 1 2 3 4 5 6 7 8 9 10 11 | 11.0
Conjurations   | 1 2 3 4 5 6 7 8 9 |  9.2
Hexes          | 1 2 3 4 5 6 7 8 9 |  9.2
Summonings     | 1 2 3 4 5 6 7 8 9 |  9.2
Necromancy     | 1 2 3 4 5 6 7 8 9 |  9.2
Translocations | 1 2 3 4 5 6 7 8 9 |  9.2
Transmutations | 1 2 3 4 5 6 7 8 9 |  9.2
Fire Magic     | 1 2 3 4 5 6 7 8 9 |  9.2
Ice Magic      | 1 2 3 4 5 6 7 8 9 |  9.2
Air Magic      | 1 2 3 4 5 6 7 8 9 |  9.2
Earth Magic    | 1 2 3 4 5 6 7 8 9 |  9.2
Poison Magic   | 1 2 3 4 5 6 7 8 9 |  9.2
Axes           | 5 6 7 8 9 10 11 | 11.8
Fighting       | 7 8 9 10 11 12 | 12.7
Armour         | 7 8 9 10 11 12 | 12.7
Shields        | 7 8 9 10 11 12 | 12.7

Action                   |  1- 3 |  4- 6 |  7- 9 | 10-12 | 13-15 | 16-18 || total
-------------------------+-------+-------+-------+-------+-------+-------++-------
Melee: War axe           |    89 |   146 |   198 |   217 |   618 |   130 ||  1398
       Bite              |     9 |    14 |    26 |    35 |   113 |    21 ||   218
       Long sword        |       |       |    15 |    14 |    35 |       ||    64
       Kick              |       |       |       |    14 |     8 |       ||    22
       Headbutt          |       |       |       |     6 |     6 |       ||    12
 Fire: Hunting sling     |       |     6 |       |       |       |       ||     6
       Hand crossbow     |       |       |       |     9 |     6 |     2 ||    17
       Longbow           |       |       |       |       |     5 |       ||     5
Throw: Stone             |       |    26 |    11 |     2 |       |       ||    39
       Dart              |       |       |       |       |     3 |       ||     3
 Cast: Beastly Appendage |       |       |       |     8 |     4 |       ||    12
       Wereblood         |       |       |       |     5 |    15 |     1 ||    21
       Sandblast         |       |       |       |     2 |     5 |     5 ||    12
       Summon Lightning  |       |       |       |       |     2 |     1 ||     3
       Tukima's Dance    |       |       |       |       |     2 |       ||     2
       Passwall          |       |       |       |       |       |     2 ||     2
Invok: Stomp             |       |       |       |     1 |       |       ||     1
       Line Pass         |       |       |       |       |       |     3 ||     3
Evoke: Wand              |       |       |       |     8 |    10 |     5 ||    23
  Use: Scroll            |     4 |     1 |     5 |    12 |    14 |     2 ||    38
       Potion            |       |     3 |       |       |     4 |     2 ||     9
 Stab: Paralysed         |       |       |     4 |    18 |    48 |    15 ||    85
       Distracted        |       |       |       |     4 |    14 |     4 ||    22
       Sleeping          |       |       |       |     6 |     8 |     2 ||    16
       Confused          |       |       |       |       |       |     1 ||     1
Armor: Scale mail        |     4 |       |     1 |    84 |    30 |       ||   119
       Plate armour      |    82 |    98 |   126 |       |   196 |    29 ||   531
Dodge: Dodged            |    24 |    45 |    74 |   107 |   170 |    37 ||   457
Block: Buckler           |    34 |    42 |    40 |       |       |       ||   116
       Kite shield       |       |       |    26 |   187 |   595 |   128 ||   936
       Reflection        |       |       |       |       |    15 |     5 ||    20
       Other             |       |       |       |       |     5 |       ||     5

Table legend: (Time is in decaauts)
 A = Elapsed time spent in this place.
 B = Non-inter-level travel time spent in this place.
 C = Inter-level travel time spent in this place.
 D = Time resting spent in this place.
 E = Time spent auto-exploring this place.
 F = Levels seen in this place.
 G = Mean time per level.
                   A        B        C        D        E       F      G
               +--------+--------+--------+--------+--------+-----+--------+
         Total |  33775 |  29043 |   4732 |   6603 |  14048 |  30 | 1125.8 |
       Dungeon |  20986 |  17870 |   3116 |   3378 |   9745 |  15 | 1399.1 |
          Lair |   7801 |   6279 |   1522 |   1070 |   3329 |   6 | 1300.2 |
        Shoals |      6 |      6 |      0 |      0 |      0 |   1 |    6.0 |
     Snake Pit |      5 |      5 |      0 |      0 |      0 |   1 |    5.0 |
    Slime Pits |    527 |    527 |      0 |    370 |      0 |   1 |  527.0 |
  Orcish Mines |   1893 |   1800 |     93 |    554 |    748 |   2 |  946.5 |
        Depths |    284 |    284 |      0 |    122 |      0 |   1 |  284.0 |
      Ice Cave |   1540 |   1540 |      0 |   1066 |     48 |   1 | 1540.0 |
       Volcano |    423 |    423 |      0 |      0 |    178 |   1 |  423.0 |
      Gauntlet |    304 |    304 |      0 |     43 |      0 |   1 |  304.0 |
               +--------+--------+--------+--------+--------+-----+--------+

Top non-repeatable levels by time:
    D:10: 2961 daAuts
  Lair:6: 2111 daAuts
    D:12: 2001 daAuts
     D:3: 1868 daAuts
    D:14: 1866 daAuts
    D:11: 1681 daAuts
    D:13: 1618 daAuts
   IceCv: 1540 daAuts
  Lair:3: 1462 daAuts
  Lair:1: 1321 daAuts
    D:15: 1196 daAuts
  Lair:4: 1192 daAuts
     D:6: 1162 daAuts
     D:7: 1141 daAuts
     D:5: 1137 daAuts
